 Dungeon Crawl Stone Soup version 0.31-a0-175-g9f7f995f2b (webtiles) character file.

Game seed: 7879469058306040994

98 qw the Shooter (level 4, -4/28 HPs)
             Began as a Gargoyle Hunter on June 17, 2023.
             Slain by an orc
             ... wielding a +1 hand axe of flaming
              (5 damage)
             ... on level 2 of the Dungeon.
             The game lasted 00:00:32 (1503 turns).

qw the Shooter (Gargoyle Hunter)                    Turns: 1503, Time: 00:00:32

Health: -4/28      AC:  8    Str: 15    XL:     4   Next: 69%
Magic:  4/4        EV: 11    Int:  9    God:
Gold:   100        SH:  0    Dex: 15    Spells: 3/3 levels left

rFire   . . .        Y - +0 shortbow
rCold   . . .        (shield currently unavailable)
rNeg    + . .        g - +0 ring mail
rPois   inf          (no helmet)
rElec   +            (no cloak)
rCorr   .            (no gloves)
SInv    .            (no boots)
Will    .....        d - amulet of the acrobat
Stlth   +            (no ring)
HPRegen 0.24/turn    (no ring)
MPRegen 0.09/turn

%: acrobat
@: about to teleport
A: sickness immunity, AC +3, negative energy resistance 1, electricity
resistance, torment resistance 1, petrification resistance
a: no special abilities


You were on level 2 of the Dungeon.
You visited 1 branch of the dungeon, and saw 2 of its levels.

You collected 100 gold pieces.


Innate Abilities, Weirdness & Mutations

You are immune to sickness and miasma.
Your stone body is resilient. (AC +3)
You are immune to poison.
You resist negative energy. (rN+)
You are resistant to electric shocks. (rElec)
You are resistant to unholy torment.
You are immune to petrification.


   Skills:
 - Level 3.3 Fighting
 + Level 5.1 Ranged Weapons
 - Level 1.5 Armour
 - Level 1.5 Dodging
 - Level 1.1 Stealth


You had 3 spell levels left.
You didn't know any spells.
Your spell library was empty.

Inventory:

Hand Weapons
 Y - a +0 shortbow (weapon)
Armour
 g - a +0 ring mail (worn)
Jewellery
 d - an amulet of the acrobat (around neck)
Scrolls
 b - a scroll of enchant armour {unknown}
 c - a scroll of vulnerability {unknown}
 f - a scroll of identify {unknown}
Potions
 e - a potion of heal wounds {unknown}

Dungeon Overview and Level Annotations

Branches:
Dungeon (2/15)

Altars:


Message History

The orc burns you.
The orc wizard hits you but does no damage.
You shoot an arrow. The arrow barely misses the orc wizard.
Something hits you but does no damage. The orc misses you.
The orc barely misses you.
The orc wizard hits you with a +0 dagger.
You shoot an arrow. The arrow hits the orc wizard.
The orc wizard is moderately wounded.
Something completely misses you. The orc hits you but does no damage.
The orc hits you with a +0 hand axe. The orc wizard barely misses you.
You shoot an arrow.
The arrow closely misses the orc wizard.
Something hits you but does no damage. The orc barely misses you.
The orc wizard closely misses you. The orc barely misses you.
Something hits you but does no damage. The orc wizard barely misses you.
The orc hits you with a +1 hand axe of flaming.
The orc burns you. The orc hits you but does no damage.
1500 ||| READING scroll of teleportation.
As you read the scroll of teleportation, it crumbles to dust.
You feel strangely unstable. Something hits you.
The orc hits you but does no damage. The orc barely misses you.
The orc wizard points at you and mumbles some strange words.
You resist with some effort.
You shoot an arrow.
The arrow closely misses the orc wizard.
You hear some strange, mumbled words.
A puff of flame appears from out of thin air!
The puff of flame hits you but does no damage.
The orc hits you but does no damage. The orc closely misses you.
The orc wizard closely misses you.
You shoot an arrow. The arrow barely misses the orc wizard.
Something hits you but does no damage.
The orc hits you with a +1 hand axe of flaming.
The orc burns you. The orc closely misses you.
The orc wizard hits you but does no damage.
You shoot an arrow. The arrow misses the orc wizard.
Something hits you but does no damage.
The orc hits you with a +1 hand axe of flaming.
You die...

#.#...#......
#.##..#.#####
#.##..#.# #.##..#.#
#.##..#.# #....<#.#
############.#
#{o...... #.#
######@####### #.#
#<....oo...... #.#
######.##########.#
#............#
##############


You could see an orc wizard and 2 orcs.

Vanquished Creatures
  Jessica (D:2)
  3 adders (D:2)
  An orc (D:2)
  5 endoplasms
  4 giant cockroaches (D:1)
  3 hobgoblins
  3 quokkas (D:1)
  5 ball pythons
  2 bats
  6 frilled lizards
  4 goblins
  5 kobolds
  3 rats (D:2)
45 creatures vanquished.

Notes
Turn   | Place    | Note
-------+----------+-------------------------------------------
     0 | D:1      | qw the Gargoyle Hunter began the quest for the Orb.
     0 | D:1      | Reached XP level 1. HP: 12/12 MP: 1/1
     0 | D:1      | 0 ||| qw: Version: 0.3-a-2-g5ab2908
     0 | D:1      | 0 ||| qw: Game counter: 99
     0 | D:1      | 0 ||| qw: Always use a shield: true
     0 | D:1      | 0 ||| qw: God list: Okawaru
     0 | D:1      | 0 ||| qw: Allow faded altars: false
     0 | D:1      | 0 ||| qw: Do Orc after D:15 true
     0 | D:1      | 0 ||| qw: Do second Lair branch before Depths: true
     0 | D:1      | 0 ||| qw: Lair rune preference: random
     0 | D:1      | 0 ||| qw: Plans: Normal, Zot:1-4, Slime:5, God:TSO, Crypt,
                  | Tomb, Abyss, Pan, Hells, Win
     0 | D:1      | 0 ||| PLANNING D:1-11
   121 | D:1      | Reached XP level 2. HP: 17/17 MP: 2/2
   854 | D:1      | 854 ||| UPGRADING to +0 ring mail.
   864 | D:1      | 864 ||| DROPPING +0 leather armour.
   865 | D:1      | 865 ||| UPGRADING to amulet of the acrobat.
   870 | D:1      | 870 ||| READING 2 scrolls labelled VAPHUCA FUUTUA.
   875 | D:1      | 875 ||| READING scroll labelled FABIOLO WISH.
   887 | D:1      | 887 ||| DROPPING scroll of butterflies.
   940 | D:2      | Reached XP level 3. HP: 21/21 MP: 3/3
   967 | D:2      | Reached skill level 1 in Armour
  1030 | D:2      | Reached skill level 5 in Ranged Weapons
  1082 | D:2      | Reached XP level 4. HP: 27/27 MP: 4/4
  1188 | D:2      | Noticed Jessica
  1191 | D:2      | Killed Jessica
  1192 | D:2      | Reached skill level 3 in Fighting
  1499 | D:2      | HP: 7/28 [orc/+1 hand axe of flaming (2)]
  1500 | D:2      | 1500 ||| READING scroll of teleportation.
  1502 | D:2      | HP: 2/28 [orc/+1 hand axe of flaming (5)]
  1503 | D:2      | Slain by an orc

Levels and vault maps discovered:
D:1:      co_arrival_square_in_a_square_in_a_square, layout_basic
D:2:      layout_basic, serial_bayou, serial_bayou_pond_e, serial_bayou_pond_c,
          serial_bayou_pond_e, serial_bayou_shore_b, nicolae_titane,
          uniq_jessica

Skill      XL: |  1  2  3  4 |
---------------+-------------+-----
Armour         | 1 |  1.5
Ranged Weapons | 5 |  5.1
Fighting       | 3 |  3.3
Dodging        | |  1.5
Stealth        | |  1.1

Action                     |  1- 3 |  4- 6 || total
---------------------------+-------+-------++-------
   Fire: Shortbow          |    81 |    44 ||   125
    Use: Scroll            |     2 |     1 ||     3
 Armour: Leather armour    |     4 |       ||     4
         Ring mail         |     8 |    17 ||    25
  Dodge: Dodged            |    20 |    18 ||    38

Table legend:
 A = Non-vault XP
 B = Vault XP
 C = Vault XP percentage of total XP
 D = Non-vault monster count
 E = Vault monster count
 F = Vault count percentage of total count
                 A         B        C        D         E       F
            +---------+---------+-------+---------+---------+-------
      Total |     103 |      37 |  26.4 |      44 |       1 |   2.2
            +---------+---------+-------+---------+---------+-------
        D:1 |      29 |       0 |   0.0 |      18 |       0 |   0.0
        D:2 |      74 |      37 |  33.3 |      26 |       1 |   3.7
            +---------+---------+-------+---------+---------+-------
